 Dungeon Crawl Stone Soup version 0.22.1-6-g1668fe2 (webtiles) character file.

664 Harpaggios the Changer (level 7, 0/47 HPs)
             Began as a Merfolk Transmuter on Jan 16, 2019.
             Was a Follower of Hepliaklqana.
             Slain by Pikel
             ... wielding a +2 whip of freezing
              (1 damage)
             ... on level 6 of the Dungeon.
             The game lasted 00:26:50 (7448 turns).

Harpaggios the Changer (Merfolk Transmuter)         Turns: 7448, Time: 00:26:55

Health: 0/47       AC:  4    Str: 20    XL:     7   Next: 57%
Magic:  10/10      EV: 15    Int: 19    God:    Hepliaklqana [*.....]
Gold:   265        SH:  0    Dex: 14    Spells: 0/10 levels left

rFire    . . .     SeeInvis .   v - +3 hand axe of the Magic Mushroom {flame, Str+9} (curse)
rCold    . . .     Gourm    .   (no shield)
rNeg     . . .     Faith    +   b - +0 robe
rPois    .         Spirit   .   k - +1 helmet
rElec    .         Reflect  .   c - scarf {cloud immunity}
rCorr    .         Harm     .   (no gloves)
MR       .....                  (no boots)
Stlth    +.........             n - amulet of faith
HPRegen  0.15/turn              r - +5 ring of intelligence
MPRegen  0.12/turn              (no ring)

@: no status effects
A: change form in water, swift swim, stealthy swim, reduced essence
a: Recall Ancestor, Ancestor Identity, Renounce Religion


You were on level 6 of the Dungeon.
You worshipped Hepliaklqana.
Hepliaklqana was aware of your devotion.
You were hungry.

You visited 1 branch of the dungeon, and saw 6 of its levels.

You collected 265 gold pieces.

Inventory:

Hand Weapons
 v - the cursed +3 hand axe of the Magic Mushroom (weapon) {flame, Str+9}
   (You found it on level 5 of the Dungeon)

   It has been specially enchanted to burn those struck by it, causing extra
   injury to most foes and up to half again as much damage against particularly
   susceptible opponents.
   Big, fiery blades are also staple armaments of hydra-hunters.
   It affects your strength (+9).
   It has a curse placed upon it.
Missiles
 a - 94 arrows
Armour
 b - a +0 robe (worn)
 c - a scarf of cloud immunity (worn)
 k - a +1 helmet (worn)
Jewellery
 n - an amulet of faith (around neck)
 r - a +5 ring of intelligence (left hand)
Wands
 q - a wand of clouds (4)
Scrolls
 e - 3 scrolls of enchant weapon
 f - 3 scrolls of fog
 g - a scroll of blinking
 h - a scroll of teleportation
 i - a scroll of remove curse
 o - a scroll of noise {unknown}
 p - a scroll of identify
 u - a scroll of torment {unknown}
Potions
 j - 2 potions of heal wounds
 l - 2 potions of lignification {unknown}
 m - a potion of flight {unknown}
 s - a potion of curing {unknown}
 t - a potion of agility {unknown}
 w - 2 potions of brilliance {unknown}
Comestibles
 d - 9 rations


   Skills:
 + Level 3.9 Fighting
 * Level 0.3 Axes
 + Level 5.2 Dodging
 - Level 5.1 Unarmed Combat
 - Level 2.0 Spellcasting
 - Level 7.0 Transmutations
 + Level 0.2 Ice Magic
 + Level 0.2 Poison Magic


You couldn't memorise any spells.
You knew the following spells:

 Your Spells              Type           Power        Failure   Level  Hunger
a - Beastly Appendage     Tmut           ####..       1%          1    #......
b - Sticks to Snakes      Tmut           ####....     1%          2    ###....
c - Spider Form           Tmut/Pois      ###.......   12%         3    ###....
d - Ice Form              Ice/Tmut       ###.....     36%         4    #####..

Your spell library contained the following spells:

 Spells                   Type           Power        Failure   Level  Hunger
 Magic Dart               Conj           #...         17%         1    #......
 Searing Ray              Conj           #.....       26%         2    ###....
 Blade Hands              Tmut           ####......   26%         5    ######.
 Dazzling Spray           Conj/Hex       #.....       45%         3    ###....
 Force Lance              Conj/Tloc      #.......     86%         4    #####..
 Fulminant Prism          Conj/Hex       #.........   86%         4    #####..
 Iskenderun's Mystic Bla  Conj           #.......     86%         4    #####..


Dungeon Overview and Level Annotations

Branches:
Dungeon (6/15)
 Temple: D:4-7

Altars:
Elyvilon
Fedhas
Gozag
Hepliaklqana
Ru

Annotations:
D:2 exclusion: ogre
D:6 Pikel


Message History

You barely miss Pikel.
Pikel is moderately wounded.
A worm comes into view.
Pikel closely misses you.
You hit Pikel. You burn Pikel.
Pikel is heavily wounded.
Pikel hits you with a whip of freezing!
* * * LOW HITPOINT WARNING * * *
Pikel freezes you.
* * * LOW HITPOINT WARNING * * *
Bojana closely misses Pikel.
There is a stone staircase leading up here.
You hit Pikel but do no damage.
Pikel is heavily wounded.
Pikel hits you with a whip of freezing.
* * * LOW HITPOINT WARNING * * *
Pikel freezes you.
* * * LOW HITPOINT WARNING * * *
Bojana hits Pikel but does no damage.
Pikel hits you with a whip of freezing.
You die...

### ..#
##.##
... #.#
#w####@#


#p.ppKR# ..$####### You could see the friendly Bojana the ancestor, Pikel and 3
slaves.

Vanquished Creatures
  A centaur (D:5)
  A howler monkey (D:5)
  A bullfrog zombie (D:5)
  2 hounds (D:4)
  3 worker ants (D:4)
  10 adders
  An ooze (D:1)
  An adder skeleton (D:4)
  A worm (D:3)
  2 dart slugs
  3 leopard geckos (D:2)
  7 orcs
  9 bats
  3 giant cockroaches
  11 goblins
  7 hobgoblins
  12 jackals
  4 quokkas
  3 frilled lizards
  2 jackal skeletons
  7 kobolds
  2 leopard gecko zombies (D:5)
  4 rats
97 creatures vanquished.

Vanquished Creatures (collateral kills)
  A phantom (D:4)
  A centaur (D:5)
  A jelly (D:5)
  A worker ant (D:5)
  2 adders
  An adder skeleton (D:5)
  An adder zombie (D:5)
  A worm (D:4)
  A dart slug (D:4)
  A jackal (D:4)
  A frilled lizard (D:4)
12 creatures vanquished.

Grand Total: 109 creatures vanquished

Notes
Turn   | Place    | Note
-------+----------+-------------------------------------------
     0 | D:1      | Harpaggios the Merfolk Transmuter began the quest for the
                  | Orb.
     0 | D:1      | Reached XP level 1. HP: 15/15 MP: 3/3
   270 | D:1      | Reached skill level 3 in Transmutations
   319 | D:1      | Reached XP level 2. HP: 20/21 MP: 3/5
  1140 | D:2      | Reached XP level 3. HP: 23/26 MP: 4/6
  1460 | D:2      | Learned a level 2 spell: Sticks to Snakes
  1464 | D:2      | Learned a level 3 spell: Spider Form
  1833 | D:2      | Noticed an ogre
  2009 | D:2      | Reached skill level 4 in Transmutations
  2098 | D:2      | Reached XP level 4. HP: 32/33 MP: 7/7
  2830 | D:3      | HP: 1/33 [poisoned by an adder]
  3002 | D:3      | Found a faded altar of an unknown god.
  3154 | D:3      | Reached XP level 5. HP: 37/38 MP: 6/8
  4201 | D:4      | Reached skill level 5 in Transmutations
  4365 | D:4      | Found a hazy altar of Hepliaklqana.
  4365 | D:4      | Found a white marble altar of Elyvilon.
  4365 | D:4      | Found a sacrificial altar of Ru.
  4366 | D:4      | Found a blossoming altar of Fedhas.
  4366 | D:4      | Noticed a phantom
  4438 | D:4      | Killed a phantom
  4438 | D:4      | Reached XP level 6. HP: 11/47 MP: 1/9
  4683 | D:4      | Became a worshipper of Hepliaklqana the Forgotten
  5096 | D:4      | Reached skill level 6 in Transmutations
  5864 | D:4      | Reached * piety under Hepliaklqana
  5955 | D:5      | Entered Level 5 of the Dungeon
  6081 | D:5      | Reached XP level 7. HP: 24/46 MP: 2/10
  6259 | D:5      | Found an opulent altar of Gozag.
  6449 | D:5      | Reached skill level 5 in Dodging
  6789 | D:5      | Reached skill level 5 in Unarmed Combat
  7069 | D:5      | Got a slimy hand axe
  7070 | D:5      | Identified the cursed +3 hand axe of the Magic Mushroom
                  | {flame, Str+9} (You found it on level 5 of the Dungeon)
  7243 | D:5      | Reached skill level 7 in Transmutations
  7250 | D:5      | Learned a level 4 spell: Ice Form
  7435 | D:6      | Noticed Pikel
  7448 | D:6      | HP: 2/47 [Pikel/whip of freezing (6)]
  7448 | D:6      | Slain by Pikel

Skill      XL: |  1  2  3  4  5  6  7 |
---------------+----------------------+-----
Transmutations | 3 4 5 6 7 |  7.0
Dodging        | 3 4 5 |  5.2
Fighting       | 2 3 |  3.9
Unarmed Combat | 4 5 |  5.1
Axes           | |  0.3
Spellcasting   | |  2.0
Ice Magic      | |  0.2
Poison Magic   | |  0.2

Action                   |  1- 3 |  4- 6 |  7- 9 || total
-------------------------+-------+-------+-------++-------
Melee: Unarmed           |   131 |   300 |    31 ||   462
       Headbutt          |     7 |    13 |       ||    20
       Punch             |       |     3 |     1 ||     4
       Hand axe          |       |       |    30 ||    30
 Cast: Beastly Appendage |    11 |    10 |       ||    21
       Sticks to Snakes  |       |    16 |     2 ||    18
Invok: Ancestor Identity |       |     2 |       ||     2
       Recall Ancestor   |       |     1 |       ||     1
  Use: Scroll            |     4 |     6 |       ||    10
       Potion            |       |     1 |       ||     1
 Stab: Sleeping          |     2 |     3 |       ||     5
       Distracted        |       |       |     1 ||     1
  Eat: Chunk             |     4 |    14 |     4 ||    22
Armor: Robe              |    20 |    43 |     7 ||    70
Dodge: Dodged            |    81 |   209 |    41 ||   331
